 Dungeon Crawl Stone Soup version 0.30-a0-719-gcc4359ea44 (webtiles) character file.

Game seed: 6660203293336934389

88 Dittersdorf the Trooper (level 4, -2/29 HPs)
             Began as a Gargoyle Fighter on Jan 26, 2023.
             Slain by a gnoll
             ... wielding a +0 flail
              (7 damage)
             ... on level 2 of the Dungeon.
             The game lasted 00:01:09 (889 turns).

Dittersdorf the Trooper (Gargoyle Fighter)           Turns: 889, Time: 00:01:09

Health: -2/29      AC: 10    Str: 22    XL:     4   Next: 54%
Magic:  4/4        EV:  9    Int:  8    God:
Gold:   107        SH:  4    Dex:  9    Spells: 3/3 levels left

rFire   + . .      SeeInvis .    a - +0 flail
rCold   . . .      Faith    .    c - +0 buckler
rNeg    + . .      Spirit   .    b - +0 scale mail
rPois   ∞          Reflect  .    (no helmet)
rElec   +          Harm     .    (no cloak)
rCorr   .          Rampage  .    (no gloves)
Will    .....                    (no boots) Stlth
                                 (no amulet)
HPRegen 0.24/turn                m - ring of protection from fire
MPRegen 0.09/turn                (no ring)

@: no status effects
A: sickness immunity, AC +3, negative energy resistance 1, electricity
resistance, torment resistance 1, petrification resistance
a: no special abilities


You were on level 2 of the Dungeon.
You visited 1 branch of the dungeon, and saw 2 of its levels.

You collected 107 gold pieces.

Inventory:

Hand Weapons
 a - a +0 flail (weapon)
Armour
 b - a +0 scale mail (worn)
 c - a +0 buckler (worn)
Jewellery
 m - a ring of protection from fire (left hand)
Scrolls
 i - 2 scrolls of fog {unknown}
 j - a scroll of noise {unknown}
 l - a scroll of poison {unknown}
 n - a scroll of summoning {unknown}
Potions
 d - 2 potions of might
 e - a potion of resistance {unknown}
 f - a potion of degeneration {unknown}
 g - 2 potions of heal wounds {unknown}
 h - a potion of berserk rage {unknown}
 k - a potion of curing {unknown}
 o - a potion of haste {unknown}
 p - a potion of attraction {unknown}


   Skills:
 + Level 4.0 Fighting
 + Level 2.8 Maces & Flails
 + Level 4.0 Armour
 + Level 4.0 Shields


You had 3 spell levels left.
You didn't know any spells.
Your spell library contained the following spells:

 Spells                   Type           Power      Damage    Failure   Level
 Sandblast                Erth           0%         2d4       82%         1
 Blink                    Tloc           0%         N/A       91%         2
 Lesser Beckoning         Tloc           0%         N/A       91%         2
 Momentum Strike          Conj/Tloc      0%         3d8       91%         2
 Passwall                 Tmut/Erth      0%         N/A       91%         2
 Stone Arrow              Conj/Erth      0%         3d7       99%         3


Dungeon Overview and Level Annotations

Branches:
Dungeon (2/15)

Altars:

Shops:
D:1 *


Innate Abilities, Weirdness & Mutations

You are immune to sickness and miasma.
Your stone body is resilient. (AC +3)
You are immune to poison.
You resist negative energy. (rN+)
You are resistant to electric shocks. (rElec)
You are resistant to unholy torment.
You are immune to petrification.


Message History

You sock the gnoll!
The gnoll is severely wounded.
The gnoll closely misses you.
You barely miss the gnoll.
The gnoll hits you from afar with a +0 halberd.
You block the gnoll's attack.
You sock the gnoll!
The gnoll is severely wounded.
The gnoll hits you from afar with a +0 halberd!
The gnoll completely misses you. The gnoll closely misses you.
The gnoll hits you from afar with a +0 halberd.
You are too injured to fight recklessly!
You are too injured to fight recklessly!
You are too injured to fight recklessly!
You are too injured to fight recklessly!
You are too injured to fight recklessly!
You are too injured to fight recklessly!
You are too injured to fight recklessly!
You are too injured to fight recklessly!
You are too injured to fight recklessly!
You are too injured to fight recklessly!
You are too injured to fight recklessly!
You are too injured to fight recklessly!
You are too injured to fight recklessly!
You are too injured to fight recklessly!
You closely miss the gnoll.
The gnoll is severely wounded.
The gnoll barely misses you. The gnoll hits you but does no damage.
The gnoll attacks as you move away! The gnoll completely misses you.
The gnoll attacks as you move away! The gnoll hits you with a +0 flail.
The gnoll attacks as you move away! You block the gnoll's attack.
The gnoll attacks as you move away! The gnoll hits you but does no damage.
The gnoll attacks as you move away! The gnoll hits you with a +0 flail.
* * * LOW HITPOINT WARNING * * *
The gnoll closely misses you. The gnoll hits you with a +0 flail.
* * * LOW HITPOINT WARNING * * *
The gnoll attacks as you move away! The gnoll hits you but does no damage.
You see here a ball python corpse.
The gnoll attacks as you move away! The gnoll hits you with a +0 flail!
You die...

..# ######........###
..######...)'..........#
.........####..........#
8........# #......#####
.........# #......###
(.######## ##'#####.#
..#...# #.# #.#####
⌠.'.>.#
######†#####.#...#
..#...#
#.....†.@.##.#.#.#
'######
#.####.##g##...#.# ..#
#......g.###.# >.#
#....#.g##.###.# ..#
#.##.#.#.......# ### #.
..#...#g##### #
#.#####.# ##.#####.###
...........#


You could see 3 gnolls.

Vanquished Creatures
  A hound (D:2)
  2 adders (D:2)
  A dart slug (D:1)
  2 ball pythons
  5 endoplasms
  A giant cockroach (D:2)
  4 goblins (D:1)
  4 hobgoblins
  4 kobolds
  5 quokkas
  3 bats
  5 rats
37 creatures vanquished.

Notes
Turn   | Place    | Note
-------+----------+-------------------------------------------
     0 | D:1      | Dittersdorf the Gargoyle Fighter began the quest for the
                  | Orb.
     0 | D:1      | Reached XP level 1. HP: 14/14 MP: 1/1
    38 | D:1      | Found a faded altar of an unknown god.
   113 | D:1      | Reached XP level 2. HP: 14/19 MP: 2/2
   176 | D:1      | Found Burghea's Assorted Antiques.
   523 | D:2      | Reached XP level 3. HP: 23/23 MP: 3/3
   775 | D:2      | Reached XP level 4. HP: 29/29 MP: 4/4
   889 | D:2      | Slain by a gnoll

Illustrated notes

Levels and vault maps discovered:
D:1:      onia_arrival_mini_spirals, layout_rooms, serial_shops,
          nicolae_shop_trees, ebering_ecumenical_altar_hall,
          minmay_misc_feat_encased
D:2:      layout_basic, nicolae_elevator_lobby_plus

Skill      XL: |  1  2  3  4 |
---------------+-------------+-----
Fighting       | 4 |  4.0
Armour         | 4 |  4.0
Shields        | 4 |  4.0
Maces & Flails | |  2.8

Action                     |  1- 3 |  4- 6 || total
---------------------------+-------+-------++-------
  Melee: Flail             |   117 |    22 ||   139
 Armour: Scale mail        |    76 |    17 ||    93
  Dodge: Dodged            |    76 |    20 ||    96
  Block: Buckler           |    31 |     4 ||    35

Table legend: (Time is in decaauts)
 A = Elapsed time spent in this place.
 B = Non-inter-level travel time spent in this place.
 C = Inter-level travel time spent in this place.
 D = Time resting spent in this place.
 E = Time spent auto-exploring this place.
 F = Levels seen in this place.
 G = Mean time per level.
                   A        B        C        D        E       F      G
               +--------+--------+--------+--------+--------+-----+--------+
         Total |    933 |    928 |      5 |      0 |    627 |   2 |  466.5 |
       Dungeon |    933 |    928 |      5 |      0 |    627 |   2 |  466.5 |
               +--------+--------+--------+--------+--------+-----+--------+

Top non-repeatable levels by time:
     D:1: 533 daAuts
     D:2: 400 daAuts
